 Dungeon Crawl Stone Soup version 0.23-a0-767-gdc19b93d68 (webtiles) character file.

380 Adamkad1 the Shield-Bearer (level 6, -17/53 HPs)
             Began as a Gnoll Fighter on Jan 23, 2019.
             Demolished by an ogre
             ... wielding a +0 giant club
              (27 damage)
             ... on level 4 of the Dungeon.
             The game lasted 00:02:47 (2307 turns).

Adamkad1 the Shield-Bearer (Gnoll Fighter)          Turns: 2307, Time: 00:02:47

Health: -17/53     AC:  7    Str: 18    XL:     6   Next: 75%
Magic:  9/9        EV:  6    Int: 13    God:
Gold:   134        SH: 10    Dex: 14    Spells: 9/9 levels left

rFire    . . .     SeeInvis .   a - +0 flail
rCold    . . .     Gourm    .   c - +0 shield
rNeg     . . .     Faith    .   b - +0 scale mail
rPois    .         Spirit   .   (no helmet)
rElec    .         Reflect  .   (no cloak)
rCorr    .         Harm     .   (no gloves)
MR       .....                  (no boots)
Stlth    +.........             (no amulet)
HPRegen  0.17/turn              (no ring)
MPRegen  0.11/turn              (no ring)

@: constricted
A: distributed training, fangs 1, strong nose
a: no special abilities


You were on level 4 of the Dungeon.
You were not hungry.

You visited 1 branch of the dungeon, and saw 4 of its levels.

You collected 134 gold pieces.

Inventory:

Hand Weapons
 a - a +0 flail (weapon)
Armour
 b - a +0 scale mail (worn)
 c - a +0 shield (worn)
Scrolls
 g - 3 scrolls of teleportation {unknown}
 i - a scroll of noise {unknown}
 m - 2 scrolls of remove curse {unknown}
 n - 3 scrolls of identify {unknown}
 o - a scroll of fear {unknown}
 q - a scroll of magic mapping {unknown}
 r - a scroll of amnesia {unknown}
Potions
 d - a potion of might
 e - a potion of flight {unknown}
 h - 2 potions of heal wounds {unknown}
 j - a potion of brilliance {unknown}
 l - 3 potions of curing {unknown}
 p - a potion of mutation {unknown}
Comestibles
 f - 9 rations
 k - 3 chunks of flesh


   Skills:
 + Level 6.8 Fighting
 + Level 2.0 Short Blades
 + Level 2.0 Long Blades
 + Level 2.0 Axes
 + Level 5.0 Maces & Flails
 + Level 2.0 Polearms
 + Level 2.0 Staves
 + Level 2.0 Slings
 + Level 2.0 Bows
 + Level 2.0 Crossbows
 + Level 2.0 Throwing
 + Level 6.8 Armour
 + Level 2.0 Dodging
 + Level 2.0 Stealth
 + Level 6.8 Shields
 + Level 2.0 Unarmed Combat
 + Level 2.0 Spellcasting
 + Level 1.6 Conjurations
 + Level 1.6 Hexes
 + Level 1.6 Charms
 + Level 1.6 Summonings
 + Level 1.6 Necromancy
 + Level 1.6 Translocations
 + Level 1.6 Transmutations
 + Level 1.6 Fire Magic
 + Level 1.6 Ice Magic
 + Level 1.6 Air Magic
 + Level 1.6 Earth Magic
 + Level 1.6 Poison Magic
 + Level 2.2 Invocations
 + Level 2.0 Evocations


You had 9 spell levels left.
You didn't know any spells.
Your spell library was empty.

Dungeon Overview and Level Annotations

Branches:
Dungeon (4/15)
 Temple: D:4-7

Altars:
Ashenzari
Dithmenos
Fedhas
Gozag
Trog
Xom

Annotations:
D:2 1 runed door
D:4 2 transporters


Innate Abilities, Weirdness & Mutations

Your experience applies equally to all skills.
You have very sharp teeth.
Your uncanny sense of smell can sniff out nearby items.


Message History

You block the ball python's attack. The ball python constricts you.
An adder comes into view.
The ball python bites you but does no damage.
The ball python constricts you. You block the crimson imp's attack.
The leopard gecko skeleton bites you.
The adder moves out of view.
You hit the ogre.
The ogre is severely wounded.
The ogre hits you with a +0 giant club.
* * * LOW HITPOINT WARNING * * *
You block the ball python's attack. The ball python constricts you.
The leopard gecko skeleton bites you but does no damage.
The crimson imp hits you but does no damage.
You hit the ogre.
The ogre is almost dead.
The ball python barely misses you.
* * * LOW HITPOINT WARNING * * *
The ball python constricts you.
The ogre hits you with a +0 giant club!!
Ouch! That really hurt!
You die...

..#......#..#!(......
....#........©#_$....©.
.............#$(......
..........##.#l(#...#.
.........##.#8o.#.#.. .
#..[....##.##t..©...
...##.#.........########
......O............... .
......Z@..............
....#..5S......(...... .
#.................
##............####
#.............#
...........##.#
#............
#.........#..


You could see an ogre, a crimson imp, a ball python and a leopard gecko
skeleton.

Vanquished Creatures
  A centaur (D:3)
  A scorpion (D:3)
  A hound (D:3)
  An orc priest (D:3)
  An orc wizard (D:3)
  Natasha (thrice) (D:3)
  2 adders
  3 worms
  2 dart slugs
  3 leopard geckos
  8 orcs (D:3)
  3 bats
  A giant cockroach (D:3)
  4 goblins (D:3)
  2 hobgoblins (D:3)
  4 jackals (D:3)
  A quokka (D:3)
  A ball python (D:3)
  2 frilled lizards
  3 kobolds
  8 rats
55 creatures vanquished.

Notes
Turn   | Place    | Note
-------+----------+-------------------------------------------
     0 | D:1      | Adamkad1 the Gnoll Fighter began the quest for the Orb.
     0 | D:1      | Reached XP level 1. HP: 23/23 MP: 1/1
    45 | D:1      | Found a shattered altar of Ashenzari.
   300 | D:2      | Reached XP level 2. HP: 24/29 MP: 2/2
   340 | D:2      | Found a runed door.
   430 | D:2      | Found a shimmering altar of Xom.
   523 | D:2      | Found a blossoming altar of Fedhas.
   951 | D:2      | Reached XP level 3. HP: 35/35 MP: 3/3
  1398 | D:3      | Noticed a scorpion
  1479 | D:3      | Killed a scorpion
  1479 | D:3      | Reached skill level 1 in Short Blades
  1479 | D:3      | Reached skill level 1 in Long Blades
  1479 | D:3      | Reached skill level 1 in Axes
  1479 | D:3      | Reached skill level 1 in Polearms
  1479 | D:3      | Reached skill level 1 in Staves
  1479 | D:3      | Reached skill level 1 in Slings
  1479 | D:3      | Reached skill level 1 in Bows
  1479 | D:3      | Reached skill level 1 in Crossbows
  1479 | D:3      | Reached skill level 1 in Throwing
  1479 | D:3      | Reached skill level 1 in Dodging
  1479 | D:3      | Reached skill level 1 in Stealth
  1479 | D:3      | Reached skill level 1 in Unarmed Combat
  1479 | D:3      | Reached skill level 1 in Spellcasting
  1479 | D:3      | Reached skill level 1 in Invocations
  1479 | D:3      | Reached skill level 1 in Evocations
  1479 | D:3      | Reached XP level 4. HP: 32/41 MP: 3/5
  1501 | D:3      | Reached skill level 1 in Conjurations
  1501 | D:3      | Reached skill level 1 in Hexes
  1501 | D:3      | Reached skill level 1 in Charms
  1501 | D:3      | Reached skill level 1 in Summonings
  1501 | D:3      | Reached skill level 1 in Necromancy
  1501 | D:3      | Reached skill level 1 in Translocations
  1501 | D:3      | Reached skill level 1 in Transmutations
  1501 | D:3      | Reached skill level 1 in Fire Magic
  1501 | D:3      | Reached skill level 1 in Ice Magic
  1501 | D:3      | Reached skill level 1 in Air Magic
  1501 | D:3      | Reached skill level 1 in Earth Magic
  1501 | D:3      | Reached skill level 1 in Poison Magic
  1573 | D:3      | Reached XP level 5. HP: 37/47 MP: 6/6
  1611 | D:3      | Found a bloodstained altar of Trog.
  1691 | D:3      | Found a shadowy altar of Dithmenos.
  1714 | D:3      | Noticed Natasha
  1719 | D:3      | Killed Natasha
  1744 | D:3      | Noticed a centaur
  1772 | D:3      | Killed a centaur
  1772 | D:3      | Reached XP level 6. HP: 35/53 MP: 8/8
  1932 | D:3      | Reached skill level 5 in Maces & Flails
  1947 | D:3      | Noticed Natasha
  1955 | D:3      | Killed Natasha
  1994 | D:3      | Noticed Natasha
  2003 | D:3      | Killed Natasha
  2250 | D:4      | Found a transporter.
  2256 | D:4      | Noticed a yak
  2257 | D:4      | Found a transporter.
  2257 | D:4      | Noticed an orc warrior
  2263 | D:4      | Found an opulent altar of Gozag.
  2307 | D:4      | Demolished by an ogre

Vault maps used:
D:1:      eino_arrival_water_cross, nicolae_ashenzari_panopticon
D:2:      old_standard_altar, fedhas_altar_fruit_tree, uniq_crazy_yiuf_cottage
D:3:      grunt_dithmenos_smoke_and_mirrors, old_standard_altar, first_ration,
          uniq_natasha
D:4:      gammafunk_temple_overflow_arena, zin_angel

Skill      XL: |  1  2  3  4  5  6 |
---------------+-------------------+-----
Short Blades   | 1 2 |  2.0
Long Blades    | 1 2 |  2.0
Axes           | 1 2 |  2.0
Polearms       | 1 2 |  2.0
Staves         | 1 2 |  2.0
Slings         | 1 2 |  2.0
Bows           | 1 2 |  2.0
Crossbows      | 1 2 |  2.0
Throwing       | 1 2 |  2.0
Dodging        | 1 2 |  2.0
Stealth        | 1 2 |  2.0
Unarmed Combat | 1 2 |  2.0
Spellcasting   | 1 2 |  2.0
Invocations    | 1 2 |  2.2
Evocations     | 1 2 |  2.0
Conjurations   | 1 |  1.6
Hexes          | 1 |  1.6
Charms         | 1 |  1.6
Summonings     | 1 |  1.6
Necromancy     | 1 |  1.6
Translocations | 1 |  1.6
Transmutations | 1 |  1.6
Fire Magic     | 1 |  1.6
Ice Magic      | 1 |  1.6
Air Magic      | 1 |  1.6
Earth Magic    | 1 |  1.6
Poison Magic   | 1 |  1.6
Maces & Flails | 5 |  5.0
Fighting       | |  6.8
Armour         | |  6.8
Shields        | |  6.8

Action                   |  1- 3 |  4- 6 || total
-------------------------+-------+-------++-------
Melee: Flail             |    48 |   119 ||   167
       Bite              |     6 |    19 ||    25
  Eat: Chunk             |     1 |     4 ||     5
Armor: Scale mail        |    23 |    46 ||    69
Dodge: Dodged            |    22 |    48 ||    70
Block: Shield            |    30 |    63 ||    93

Table legend:
 A = Non-vault XP
 B = Vault XP
 C = Vault XP percentage of total XP
 D = Non-vault monster count
 E = Vault monster count
 F = Vault count percentage of total count
                 A         B        C        D         E       F
            +---------+---------+-------+---------+---------+-------
      Total |     508 |      35 |   6.4 |      54 |       1 |   1.8
            +---------+---------+-------+---------+---------+-------
        D:1 |       7 |       0 |   0.0 |       4 |       0 |   0.0
        D:2 |      27 |       0 |   0.0 |       7 |       0 |   0.0
        D:3 |     465 |      35 |   7.0 |      40 |       1 |   2.4
        D:4 |       9 |       0 |   0.0 |       3 |       0 |   0.0
            +---------+---------+-------+---------+---------+-------
